2940 views
Uploaded 2019-12-06 21:19:49
Game version 1.32.0.3 / 1.32.0.3.1
19:40 long 3on3 ladder game on (6)RollingHills
Saved by BEARAND
2940 views
Uploaded 2019-12-06 21:19:49
Game version 1.32.0.3 / 1.32.0.3.1
19:40 long 3on3 ladder game on (6)RollingHills


53 units @ 4.8k
/ 0.1k
170 buildings @ 8.9k
/ 4.2k



| Rod of Necromancy | 1 | 150 |
| Ritual Dagger | 1 | 125 |
| Orb of Corruption | 3 | 1125 |
| Boots of Speed | 3 | 750 |
| Staff of Teleportation | 1 | 150 |
| Circlet of Nobility | 2 | 350 |
| total: | 11 | 2650g |
| Acolyte | 9 | 675 | / | 0 |
| Ghoul | 8 | 960 | / | 0 |
| Obsidian Statue | 2 | 400 | / | 70 |
| total: | 19 | 2035g | / | 70w |
| Nerubian Tower | 2 | 200 | / | 40 |
| Altar of Darkness | 1 | 180 | / | 50 |
| Ziggurat | 4 | 600 | / | 200 |
| Crypt | 1 | 200 | / | 50 |
| Tomb of Relics | 3 | 390 | / | 90 |
| Graveyard | 1 | 215 | / | 0 |
| Slaughterhouse | 1 | 140 | / | 135 |
| Halls of the Dead | 1 | 320 | / | 210 |
| Black Citadel | 1 | 325 | / | 230 |
| total: | 11 | 1725g | / | 525w |
| 0:53 | Acolyte |
| 0:57 | Altar of Darkness |
| 0:59 | Ziggurat |
| 1:02 | Acolyte |
| 1:10 | Acolyte |
| 1:37 | Crypt |
| 2:01 | Tomb of Relics |
| 2:20 | Graveyard |
| 2:42 | Ghoul |
| 2:47 | Ghoul |
| 2:55 | Death Coil |
| 3:07 | Rod of Necromancy |
| 3:10 | Ritual Dagger |
| 3:14 | Ghoul |
| 3:45 | Ghoul |
| 3:57 | Ziggurat |
| 5:13 | Ghoul |
| 5:14 | Halls of the Dead |
| 5:55 | Ghoul |
| 5:57 | Nerubian Tower |
| 6:16 | Boots of Speed |
| 7:24 | Unholy Aura |
| 7:37 | Acolyte |
| 7:44 | Ziggurat |
| 8:37 | Impale |
| 8:47 | Acolyte |
| 8:47 | Acolyte |
| 8:47 | Acolyte |
| 8:48 | Acolyte |
| 9:11 | Boots of Speed |
| 9:11 | Staff of Teleportation |
| 9:21 | Slaughterhouse |
| 9:29 | Ziggurat |
| 9:58 | Black Citadel |
| 10:25 | Obsidian Statue |
| 10:27 | Tomb of Relics |
| 11:44 | Obsidian Statue |
| 11:49 | Tomb of Relics |
| 12:12 | Circlet of Nobility |
| 12:20 | Ghoul |
| 12:20 | Ghoul |
| 12:35 | Circlet of Nobility |
| 12:56 | Nerubian Tower |
| 12:59 | Orb of Corruption |
| 13:13 | Orb of Corruption |
| 13:17 | Frost Nova |
| 13:32 | Orb of Corruption |
| 14:52 | Boots of Speed |
| 17:12 | Acolyte |
| 17:52 | Death Coil |
| 17:53 | Carrion Beetles |
| 18:38 | Frost Armor |
| Right click | 1348 |
| Select group | 686 |
| Assign group | 292 |
| Chat | 242 |
| Select | 156 |
| Resource trade | 100 |
| Use ability | 57 |
| Build/train/purchase | 56 |
| Misc. action | 16 |
| Item give/drop | 1 |



| Staff of Sanctuary | 3 | 750 |
| Boots of Speed | 2 | 500 |
| Staff of Teleportation | 6 | 900 |
| Periapt of Vitality | 1 | 325 |
| Orb of Corruption | 1 | 375 |
| total: | 13 | 2850g |
| Peasant | 16 | 1200 | / | 0 |
| Priest | 3 | 405 | / | 30 |
| total: | 19 | 1605g | / | 30w |
| Scout Tower | 38 | 1140 | / | 760 |
| Guard Tower | 26 | 1820 | / | 1300 |
| Arcane Tower | 2 | 140 | / | 100 |
| Altar of Kings | 1 | 180 | / | 50 |
| Farm | 7 | 560 | / | 140 |
| Lumber Mill | 1 | 120 | / | 0 |
| Arcane Vault | 2 | 260 | / | 60 |
| Arcane Sanctum | 1 | 150 | / | 140 |
| Keep | 1 | 320 | / | 210 |
| Castle | 2 | 720 | / | 420 |
| total: | 50 | 2410g | / | 1150w |
| 0:03 | Peasant |
| 0:03 | Peasant |
| 0:12 | Altar of Kings |
| 0:54 | Farm |
| 1:08 | Peasant |
| 1:14 | Peasant |
| 1:25 | Lumber Mill |
| 1:29 | Farm |
| 1:31 | Peasant |
| 1:31 | Peasant |
| 1:47 | Peasant |
| 1:57 | Peasant |
| 2:11 | Peasant |
| 2:22 | Scout Tower |
| 2:31 | Peasant |
| 2:33 | Scout Tower |
| 2:41 | Peasant |
| 2:47 | Blizzard |
| 2:53 | Guard Tower |
| 2:55 | Scout Tower |
| 2:58 | Scout Tower |
| 3:00 | Arcane Tower |
| 3:02 | Peasant |
| 3:03 | Peasant |
| 3:08 | Scout Tower |
| 3:22 | Guard Tower |
| 3:25 | Peasant |
| 3:28 | Scout Tower |
| 3:29 | Guard Tower |
| 3:33 | Peasant |
| 3:43 | Scout Tower |
| 3:44 | Guard Tower |
| 3:58 | Guard Tower |
| 4:00 | Scout Tower |
| 4:03 | Scout Tower |
| 4:12 | Improved Masonry |
| 4:14 | Guard Tower |
| 4:19 | Scout Tower |
| 4:20 | Scout Tower |
| 4:41 | Guard Tower |
| 4:42 | Scout Tower |
| 4:44 | Guard Tower |
| 4:46 | Scout Tower |
| 5:05 | Keep |
| 5:15 | Guard Tower |
| 5:18 | Guard Tower |
| 5:21 | Scout Tower |
| 5:21 | Scout Tower |
| 5:24 | Farm |
| 5:25 | Farm |
| 5:32 | Scout Tower |
| 5:33 | Scout Tower |
| 5:39 | Boots of Speed |
| 5:39 | Staff of Teleportation |
| 5:45 | Staff of Teleportation |
| 6:07 | Guard Tower |
| 6:10 | Scout Tower |
| 6:12 | Scout Tower |
| 6:35 | Scout Tower |
| 6:36 | Scout Tower |
| 6:48 | Guard Tower |
| 7:11 | Guard Tower |
| 7:14 | Scout Tower |
| 7:15 | Scout Tower |
| 7:34 | Peasant |
| 7:48 | Arcane Sanctum |
| 7:57 | Guard Tower |
| 8:29 | Storm Bolt |
| 8:36 | Scout Tower |
| 8:37 | Guard Tower |
| 8:38 | Scout Tower |
| 8:41 | Scout Tower |
| 9:19 | Scout Tower |
| 9:20 | Scout Tower |
| 9:22 | Castle |
| 9:22 | Guard Tower |
| 10:12 | Guard Tower |
| 10:54 | Guard Tower |
| 10:56 | Advanced Masonry |
| 10:56 | Imbued Masonry |
| 11:11 | Brilliance Aura |
| 11:21 | Scout Tower |
| 11:22 | Scout Tower |
| 11:25 | Scout Tower |
| 11:26 | Scout Tower |
| 11:26 | Scout Tower |
| 11:31 | Priest |
| 11:31 | Priest |
| 11:34 | Magic Sentry |
| 11:37 | Farm |
| 11:38 | Farm |
| 11:50 | Farm |
| 12:12 | Guard Tower |
| 12:20 | Scout Tower |
| 12:20 | Scout Tower |
| 12:21 | Scout Tower |
| 12:29 | Staff of Teleportation |
| 12:39 | Scout Tower |
| 12:40 | Scout Tower |
| 12:42 | Guard Tower |
| 12:55 | Arcane Vault |
| 13:11 | Arcane Vault |
| 13:14 | Holy Light |
| 13:46 | Boots of Speed |
| 14:31 | Staff of Teleportation |
| 14:31 | Staff of Teleportation |
| 14:31 | Staff of Teleportation |
| 14:34 | Periapt of Vitality |
| 14:52 | Priest |
| 15:59 | Guard Tower |
| 16:13 | Bash |
| 16:47 | Staff of Sanctuary |
| 16:47 | Staff of Sanctuary |
| 16:51 | Staff of Sanctuary |
| 16:52 | Orb of Corruption |
| 19:02 | Blizzard |
| 19:19 | Storm Bolt |
| Right click | 1673 |
| Select | 489 |
| Select group | 198 |
| Build/train/purchase | 109 |
| Chat | 91 |
| Use ability | 52 |
| Misc. action | 34 |
| Assign group | 10 |
| Minimap ping | 3 |
| Item give/drop | 2 |
| Remove unit | 2 |



| Staff of Sanctuary | 3 | 750 |
| Staff of Teleportation | 3 | 450 |
| Boots of Speed | 4 | 1000 |
| Periapt of Vitality | 1 | 325 |
| total: | 11 | 2525g |
| Peasant | 14 | 1050 | / | 0 |
| Priest | 1 | 135 | / | 10 |
| total: | 15 | 1185g | / | 10w |
| Scout Tower | 92 | 2760 | / | 1840 |
| Arcane Tower | 5 | 350 | / | 250 |
| Guard Tower | 26 | 1820 | / | 1300 |
| Altar of Kings | 1 | 180 | / | 50 |
| Farm | 6 | 480 | / | 120 |
| Lumber Mill | 2 | 240 | / | 0 |
| Arcane Vault | 4 | 520 | / | 120 |
| Blacksmith | 1 | 140 | / | 60 |
| Barracks | 1 | 160 | / | 60 |
| Arcane Sanctum | 1 | 150 | / | 140 |
| Gryphon Aviary | 1 | 140 | / | 150 |
| Keep | 1 | 320 | / | 210 |
| Castle | 2 | 720 | / | 420 |
| total: | 109 | 4770g | / | 2540w |
| 0:05 | Peasant |
| 0:05 | Peasant |
| 0:09 | Altar of Kings |
| 0:12 | Farm |
| 0:55 | Peasant |
| 1:03 | Peasant |
| 1:17 | Peasant |
| 1:28 | Farm |
| 1:30 | Peasant |
| 1:55 | Lumber Mill |
| 1:58 | Peasant |
| 1:58 | Peasant |
| 2:07 | Scout Tower |
| 2:16 | Peasant |
| 2:16 | Peasant |
| 2:26 | Scout Tower |
| 2:29 | Peasant |
| 2:29 | Peasant |
| 2:31 | Scout Tower |
| 2:33 | Arcane Tower |
| 2:36 | Peasant |
| 2:48 | Lumber Mill |
| 2:53 | Arcane Tower |
| 2:56 | Scout Tower |
| 3:01 | Summon Water Elemental |
| 3:05 | Scout Tower |
| 3:05 | Arcane Tower |
| 3:09 | Peasant |
| 3:32 | Guard Tower |
| 3:34 | Scout Tower |
| 3:36 | Scout Tower |
| 3:36 | Guard Tower |
| 3:49 | Scout Tower |
| 3:50 | Scout Tower |
| 4:05 | Guard Tower |
| 4:06 | Scout Tower |
| 4:07 | Scout Tower |
| 4:39 | Keep |
| 4:47 | Improved Masonry |
| 4:48 | Guard Tower |
| 5:04 | Guard Tower |
| 5:06 | Scout Tower |
| 5:06 | Scout Tower |
| 5:23 | Staff of Teleportation |
| 5:23 | Boots of Speed |
| 5:35 | Guard Tower |
| 5:35 | Guard Tower |
| 5:37 | Scout Tower |
| 5:40 | Scout Tower |
| 6:07 | Farm |
| 6:08 | Farm |
| 6:11 | Farm |
| 6:13 | Guard Tower |
| 6:15 | Scout Tower |
| 6:17 | Scout Tower |
| 6:46 | Guard Tower |
| 6:48 | Scout Tower |
| 6:49 | Scout Tower |
| 7:03 | Brilliance Aura |
| 7:30 | Guard Tower |
| 7:32 | Guard Tower |
| 7:44 | Scout Tower |
| 7:44 | Scout Tower |
| 7:55 | Castle |
| 8:01 | Arcane Sanctum |
| 8:09 | Scout Tower |
| 8:09 | Scout Tower |
| 8:40 | Guard Tower |
| 8:41 | Arcane Vault |
| 8:42 | Arcane Vault |
| 8:43 | Arcane Vault |
| 9:12 | Arcane Vault |
| 9:13 | Storm Bolt |
| 9:21 | Magic Sentry |
| 10:05 | Advanced Masonry |
| 10:06 | Priest |
| 10:07 | Priest Adept Training |
| 10:27 | Scout Tower |
| 10:28 | Scout Tower |
| 10:37 | Staff of Sanctuary |
| 10:41 | Staff of Sanctuary |
| 11:24 | Scout Tower |
| 11:24 | Scout Tower |
| 11:26 | Guard Tower |
| 11:28 | Imbued Masonry |
| 11:32 | Guard Tower |
| 11:34 | Scout Tower |
| 11:36 | Scout Tower |
| 11:43 | Priest Master Training |
| 12:03 | Staff of Teleportation |
| 12:13 | Holy Light |
| 12:19 | Boots of Speed |
| 12:26 | Guard Tower |
| 12:28 | Scout Tower |
| 12:29 | Scout Tower |
| 12:30 | Scout Tower |
| 12:30 | Scout Tower |
| 12:31 | Guard Tower |
| 12:33 | Scout Tower |
| 12:35 | Scout Tower |
| 12:35 | Scout Tower |
| 13:09 | Farm |
| 13:14 | Blacksmith |
| 13:15 | Barracks |
| 13:16 | Gryphon Aviary |
| 13:24 | Bash |
| 13:25 | Brilliance Aura |
| 13:35 | Guard Tower |
| 13:41 | Guard Tower |
| 13:49 | Boots of Speed |
| 14:09 | Guard Tower |
| 14:14 | Scout Tower |
| 14:15 | Scout Tower |
| 14:15 | Scout Tower |
| 14:16 | Scout Tower |
| 14:16 | Scout Tower |
| 14:17 | Scout Tower |
| 14:17 | Scout Tower |
| 14:44 | Arcane Tower |
| 15:18 | Guard Tower |
| 15:21 | Scout Tower |
| 15:22 | Scout Tower |
| 15:22 | Scout Tower |
| 15:24 | Scout Tower |
| 15:25 | Scout Tower |
| 15:53 | Scout Tower |
| 15:54 | Scout Tower |
| 15:54 | Scout Tower |
| 15:55 | Scout Tower |
| 15:56 | Scout Tower |
| 15:57 | Scout Tower |
| 16:24 | Divine Shield |
| 16:44 | Guard Tower |
| 16:46 | Scout Tower |
| 16:47 | Scout Tower |
| 16:48 | Scout Tower |
| 16:48 | Scout Tower |
| 16:49 | Scout Tower |
| 16:49 | Scout Tower |
| 16:58 | Guard Tower |
| 17:03 | Scout Tower |
| 17:03 | Scout Tower |
| 17:04 | Scout Tower |
| 17:04 | Scout Tower |
| 17:05 | Scout Tower |
| 17:05 | Scout Tower |
| 17:06 | Scout Tower |
| 17:06 | Scout Tower |
| 17:09 | Staff of Teleportation |
| 17:09 | Boots of Speed |
| 17:19 | Periapt of Vitality |
| 17:30 | Storm Bolt |
| 17:34 | Staff of Sanctuary |
| 18:27 | Guard Tower |
| 18:29 | Scout Tower |
| 18:30 | Scout Tower |
| 18:30 | Scout Tower |
| 18:31 | Scout Tower |
| 18:31 | Scout Tower |
| 18:32 | Scout Tower |
| 18:32 | Scout Tower |
| 18:33 | Scout Tower |
| 18:34 | Scout Tower |
| 18:34 | Scout Tower |
| 18:35 | Scout Tower |
| 18:35 | Scout Tower |
| 18:36 | Scout Tower |
| 18:36 | Scout Tower |
| 18:37 | Scout Tower |
| 18:37 | Scout Tower |
| 18:39 | Scout Tower |
| 18:40 | Scout Tower |
| 18:40 | Scout Tower |
| 18:41 | Scout Tower |
| 18:41 | Scout Tower |
| 18:42 | Scout Tower |
| 18:43 | Scout Tower |
| 18:43 | Scout Tower |
| 19:43 | Summon Water Elemental |
| 19:46 | Holy Light |
| Right click | 1348 |
| Select group | 941 |
| Select | 279 |
| Chat | 187 |
| Build/train/purchase | 126 |
| Use ability | 55 |
| Misc. action | 54 |
| Minimap ping | 24 |
| Assign group | 6 |
| Item give/drop | 5 |
| Esc | 1 |
/ 2.1k
52 buildings @ 6.9k
/ 2.6k

| Wisp | 11 | 660 | / | 0 |
| Archer | 2 | 260 | / | 20 |
| Huntress | 26 | 5070 | / | 520 |
| Glaive Thrower | 2 | 420 | / | 130 |
| total: | 41 | 6410g | / | 670w |
| Altar of Elders | 1 | 180 | / | 50 |
| Moon Well | 6 | 1080 | / | 240 |
| Ancient of War | 2 | 300 | / | 120 |
| Hunter's Hall | 1 | 210 | / | 100 |
| Tree of Ages | 1 | 320 | / | 180 |
| total: | 10 | 1770g | / | 510w |
| 0:02 | Wisp |
| 0:03 | Wisp |
| 0:03 | Wisp |
| 0:08 | Altar of Elders |
| 0:11 | Moon Well |
| 0:56 | Wisp |
| 1:11 | Wisp |
| 1:21 | Ancient of War |
| 1:23 | Wisp |
| 1:27 | Wisp |
| 1:35 | Wisp |
| 1:47 | Wisp |
| 1:53 | Wisp |
| 2:04 | Moon Well |
| 2:29 | Archer |
| 2:41 | Hunter's Hall |
| 2:48 | Force of Nature |
| 3:12 | Archer |
| 3:19 | Moon Well |
| 3:21 | Wisp |
| 3:48 | Huntress |
| 3:50 | Strength of the Moon |
| 4:04 | Huntress |
| 4:26 | Moon Armor |
| 4:49 | Huntress |
| 5:06 | Huntress |
| 5:36 | Huntress |
| 5:41 | Moon Well |
| 6:31 | Huntress |
| 6:35 | Ancient of War |
| 7:00 | Huntress |
| 7:08 | Entangling Roots |
| 7:20 | Moon Well |
| 7:33 | Huntress |
| 7:57 | Huntress |
| 8:00 | Huntress |
| 8:51 | Huntress |
| 8:56 | Entangling Roots |
| 9:14 | Tree of Ages |
| 9:18 | Huntress |
| 9:30 | Huntress |
| 11:03 | Huntress |
| 11:31 | Glaive Thrower |
| 11:39 | Moon Well |
| 12:02 | Glaive Thrower |
| 12:29 | Huntress |
| 12:54 | Huntress |
| 12:58 | Huntress |
| 13:25 | Huntress |
| 13:33 | Huntress |
| 15:29 | Huntress |
| 16:02 | Force of Nature |
| 16:21 | Huntress |
| 16:23 | Huntress |
| 17:35 | Huntress |
| 18:01 | Huntress |
| 18:03 | Huntress |
| 18:35 | Huntress |
| Right click | 923 |
| Select | 345 |
| Build/train/purchase | 121 |
| Use ability | 29 |
| Minimap ping | 17 |
| Chat | 4 |
| Assign group | 1 |

| Peasant | 8 | 600 | / | 0 |
| Footman | 4 | 540 | / | 0 |
| Rifleman | 17 | 3485 | / | 510 |
| Priest | 4 | 540 | / | 40 |
| total: | 33 | 5165g | / | 550w |
| Altar of Kings | 1 | 180 | / | 50 |
| Farm | 22 | 1760 | / | 440 |
| Barracks | 2 | 320 | / | 120 |
| Blacksmith | 1 | 140 | / | 60 |
| Arcane Sanctum | 1 | 150 | / | 140 |
| Keep | 1 | 320 | / | 210 |
| total: | 27 | 2550g | / | 810w |
| 0:04 | Altar of Kings |
| 0:06 | Peasant |
| 0:06 | Peasant |
| 0:07 | Peasant |
| 1:07 | Farm |
| 1:14 | Barracks |
| 1:20 | Peasant |
| 1:31 | Farm |
| 2:12 | Peasant |
| 2:12 | Peasant |
| 2:17 | Footman |
| 2:18 | Footman |
| 2:58 | Blacksmith |
| 3:08 | Footman |
| 3:11 | Summon Water Elemental |
| 3:53 | Farm |
| 3:54 | Farm |
| 3:55 | Farm |
| 3:56 | Farm |
| 3:58 | Farm |
| 4:53 | Keep |
| 4:57 | Footman |
| 4:59 | Rifleman |
| 5:00 | Rifleman |
| 5:06 | Barracks |
| 6:35 | Farm |
| 6:36 | Farm |
| 7:03 | Rifleman |
| 7:04 | Rifleman |
| 7:07 | Studded Leather Armor |
| 7:15 | Peasant |
| 7:15 | Peasant |
| 7:27 | Rifleman |
| 7:27 | Rifleman |
| 8:19 | Black Gunpowder |
| 8:52 | Reinforced Leather Armor |
| 9:29 | Blizzard |
| 11:27 | Rifleman |
| 11:27 | Rifleman |
| 11:28 | Rifleman |
| 11:28 | Rifleman |
| 11:28 | Rifleman |
| 11:28 | Rifleman |
| 11:29 | Long Rifles |
| 11:31 | Refined Gunpowder |
| 12:08 | Arcane Sanctum |
| 12:56 | Iron Forged Swords |
| 12:57 | Iron Plating |
| 13:19 | Farm |
| 13:20 | Farm |
| 13:20 | Farm |
| 13:21 | Farm |
| 13:22 | Farm |
| 17:08 | Priest |
| 17:09 | Priest Adept Training |
| 17:09 | Priest |
| 17:09 | Priest |
| 17:10 | Priest |
| 17:15 | Rifleman |
| 17:15 | Rifleman |
| 17:15 | Rifleman |
| 17:16 | Rifleman |
| 17:16 | Rifleman |
| 17:25 | Farm |
| 17:26 | Farm |
| 17:27 | Farm |
| 17:27 | Farm |
| 17:37 | Farm |
| 17:38 | Farm |
| 17:38 | Farm |
| 17:39 | Farm |
| Right click | 437 |
| Select | 246 |
| Build/train/purchase | 61 |
| Select group | 37 |
| Assign group | 14 |
| Use ability | 7 |
| Esc | 1 |

| Wisp | 19 | 1140 | / | 0 |
| Archer | 10 | 1300 | / | 100 |
| Glaive Thrower | 2 | 420 | / | 130 |
| Dryad | 9 | 1305 | / | 540 |
| Druid of the Claw | 1 | 255 | / | 80 |
| total: | 41 | 4420g | / | 850w |
| Altar of Elders | 1 | 180 | / | 50 |
| Moon Well | 7 | 1260 | / | 280 |
| Ancient of War | 1 | 150 | / | 60 |
| Hunter's Hall | 1 | 210 | / | 100 |
| Ancient of Lore | 3 | 465 | / | 435 |
| Chimaera Roost | 2 | 280 | / | 380 |
| Tree of Ages | 1 | 320 | / | 180 |
| Tree of Eternity | 2 | 660 | / | 400 |
| total: | 15 | 2545g | / | 1305w |
| 0:54 | Altar of Elders |
| 0:57 | Moon Well |
| 0:59 | Wisp |
| 0:59 | Wisp |
| 1:17 | Ancient of War |
| 1:19 | Wisp |
| 1:32 | Wisp |
| 1:59 | Wisp |
| 2:21 | Archer |
| 2:24 | Wisp |
| 2:31 | Moon Well |
| 2:43 | Archer |
| 3:02 | Archer |
| 3:16 | Immolation |
| 4:25 | Wisp |
| 4:25 | Wisp |
| 4:25 | Wisp |
| 4:57 | Archer |
| 4:57 | Archer |
| 5:13 | Archer |
| 5:28 | Wisp |
| 5:28 | Wisp |
| 6:01 | Wisp |
| 6:02 | Wisp |
| 6:33 | Archer |
| 6:34 | Archer |
| 6:41 | Wisp |
| 6:41 | Wisp |
| 6:46 | Moon Well |
| 6:55 | Hunter's Hall |
| 7:06 | Archer |
| 7:30 | Archer |
| 7:33 | Tree of Ages |
| 7:42 | Moon Well |
| 7:44 | Moon Well |
| 8:58 | Moon Well |
| 9:03 | Moon Well |
| 9:07 | Glaive Thrower |
| 9:09 | Glaive Thrower |
| 10:04 | Ancient of Lore |
| 10:05 | Ancient of Lore |
| 10:56 | Tree of Eternity |
| 11:07 | Wisp |
| 11:07 | Wisp |
| 11:07 | Wisp |
| 11:07 | Wisp |
| 11:14 | Ultravision |
| 12:17 | Dryad |
| 12:39 | Ancient of Lore |
| 12:41 | Reinforced Hides |
| 13:27 | Dryad |
| 13:31 | Dryad |
| 15:37 | Druid of the Claw |
| 15:37 | Dryad |
| 16:06 | Improved Reinforced Hides |
| 16:07 | Strength of the Wild |
| 16:20 | Abolish Magic |
| 16:23 | Dryad |
| 16:58 | Tree of Eternity |
| 18:21 | Dryad |
| 18:21 | Dryad |
| 18:21 | Dryad |
| 18:21 | Dryad |
| 19:22 | Chimaera Roost |
| 19:24 | Chimaera Roost |
| Right click | 680 |
| Select | 211 |
| Build/train/purchase | 61 |
| Esc | 7 |
| Assign group | 3 |
| Use ability | 2 |
| Minimap ping | 2 |
| Select group | 1 |
⇛